 Dungeon Crawl Stone Soup version 0.29.0-7-g18a832c13a (webtiles) character file.

Game seed: 10079300396549011973

2364 Woods the Basher (level 9, -1/57 HPs)
             Began as a Gargoyle Fighter on Aug 30, 2022.
             Slain by a wyvern (13 damage)
             ... on level 7 of the Dungeon.
             The game lasted 00:09:39 (6832 turns).

Woods the Basher (Gargoyle Fighter)                 Turns: 6832, Time: 00:09:40

Health: -1/57      AC: 20    Str: 21    XL:     9   Next: 44%
Magic:  9/9        EV:  7    Int:  8    God:
Gold:   357        SH:  5    Dex: 19    Spells: 8/8 levels left

rFire   . . .      SeeInvis .   z - +0 morningstar
rCold   . . .      Faith    .   c - +0 buckler
rNeg    + . .      Spirit   .   r - +0 chain mail
rPois   ∞          Reflect  .   p - +0 helmet
rElec   +          Harm     .   j - +0 cloak
rCorr   .          Rampage  .   f - +0 pair of gloves
Will    .....                   g - +0 pair of boots
Stlth   ..........              (no amulet)
HPRegen 0.19/turn               q - +6 ring of dexterity
MPRegen 0.11/turn               (no ring)

@: no status effects
A: sickness immunity, AC +6, negative energy resistance 1, electricity
resistance, torment resistance 1, petrification resistance
a: no special abilities


You were on level 7 of the Dungeon.
You visited 1 branch of the dungeon, and saw 7 of its levels.

You collected 379 gold pieces.
You spent 22 gold pieces at shops.

Inventory:

Hand Weapons
 a - a +0 flail
 z - a +0 morningstar (weapon)
Armour
 c - a +0 buckler (worn)
 f - a +0 pair of gloves (worn)
 g - a +0 pair of boots (worn)
 j - a +0 cloak (worn)
 p - a +0 helmet (worn)
 r - a +0 chain mail (worn)
Jewellery
 q - a +6 ring of dexterity (left hand)
Wands
 d - a wand of mindburst (15)
Scrolls
 e - 2 scrolls of vulnerability
 i - a scroll of amnesia {unknown}
 l - 2 scrolls of teleportation
 m - a scroll of enchant weapon {unknown}
 o - a scroll of summoning {unknown}
 s - 2 scrolls of fog {unknown}
 t - a scroll of noise {unknown}
 y - a scroll of enchant armour {unknown}
 C - a scroll of identify
Potions
 b - a potion of heal wounds {unknown}
 h - 3 potions of curing
 k - 2 potions of haste
 n - 2 potions of berserk rage {unknown}
 u - 3 potions of mutation {unknown}
 v - a potion of resistance {unknown}
 w - a potion of lignification {unknown}
 x - a potion of brilliance {unknown}
 A - a potion of magic {unknown}
 B - a potion of flight {unknown}


   Skills:
 - Level 7.0 Fighting
 + Level 11.2 Maces & Flails
 - Level 3.2 Armour
 - Level 3.2 Shields


You had 8 spell levels left.
You didn't know any spells.
Your spell library contained the following spells:

 Spells                   Type           Power      Damage    Failure   Level
 Summon Guardian Golem    Hex/Summ       0%         N/A       100%        3
 Orb of Destruction       Conj           0%         9d5       100%        7
 Spellforged Servitor     Conj/Summ      0%         N/A       100%        7


Dungeon Overview and Level Annotations

Branches:
Dungeon (7/15)
 Temple: D:4-7

Altars:

Shops:
D:1 ?   D:4 (


Innate Abilities, Weirdness & Mutations

You are immune to sickness and miasma.
Your stone body is resilient. (AC +6)
You are immune to poison.
You resist negative energy. (rN+)
You are resistant to electric shocks. (rElec)
You are resistant to unholy torment.
You are immune to petrification.


Message History

You puncture the black bear!
The black bear is heavily wounded.
You feel yourself slow down.
You puncture the black bear!
The black bear is almost dead.
The black bear goes berserk!
The black bear bites you but does no damage.
You block the black bear's attack.
The black bear claws you but does no damage.
You hit the black bear.
The black bear is almost dead.
The black bear barely misses you. The black bear claws you.
The black bear claws you but does no damage.
You sock the black bear!
You kill the black bear!
You see here a black bear corpse.
C - a scroll of identify You now have 357 gold pieces (gained 18).
You hear the slow hiss of a very distant avalanche of sand.
A wight comes into view. It is wielding a +0 battleaxe.
A wyvern comes into view.
The wyvern hisses angrily.
The wyvern bites you but does no damage.
You closely miss the wyvern. The wyvern barely misses you. x2
You hit the wyvern but do no damage. The wyvern bites you!
You barely miss the wyvern. The wyvern bites you!
The wyvern hisses menacingly.
The wyvern bites you but does no damage.
You closely miss the wyvern. You block the wyvern's attack.
You closely miss the wyvern.
The wyvern bites you but does no damage.
You hit the wyvern but do no damage. You block the wyvern's attack. x2
You closely miss the wyvern.
The wyvern bites you but does no damage.
The wyvern bites you!
* * * LOW HITPOINT WARNING * * *
You sock the wyvern!
The wyvern is heavily wounded.
The wyvern bites you!
You die...

#.##.# ####.##.
.###...###...###.
.#.###.#.....#.##
#.. #...# ...#
#.. #...#####...#
#.. #...#...#...#
#.###.#.†...#
##...###...##
#@....#.###.#
#..l#...#...# ..#
#...#####...# ..#
#... #...# ..#
##.# .#.## .#z .#
.###. #. .. .. ..


You could see a wyvern.

Vanquished Creatures
  Maggie (D:7)
  Eustachio (D:4)
  Menkaure (D:4)
  A water moccasin (D:6)
  An ice beast (D:5)
  2 black bears
  6 ogres
  3 phantoms
  A necrophage (D:5)
  2 scorpions
  A hound (D:5)
  2 gnoll boudas
  4 jellies
  An iguana (D:5)
  An orc wizard (D:4)
  8 gnolls
  11 adders
  3 worms
  3 dart slugs
  10 orcs
  5 ball pythons
  3 bats
  7 endoplasms
  2 giant cockroaches
  6 goblins
  7 hobgoblins
  4 quokkas
  A frilled lizard (D:1)
  7 kobolds
  5 rats
110 creatures vanquished.

Notes
Turn   | Place    | Note
-------+----------+-------------------------------------------
     0 | D:1      | Woods the Gargoyle Fighter began the quest for the Orb.
     0 | D:1      | Reached XP level 1. HP: 14/14 MP: 1/1
   119 | D:1      | Reached XP level 2. HP: 18/19 MP: 2/2
   854 | D:1      | Found Ydghaniu's Magic Scroll Shoppe.
   857 | D:1      | Bought a scroll of identify for 22 gold pieces
   906 | D:1      | Reached XP level 3. HP: 24/24 MP: 3/3
  1077 | D:2      | Found a faded altar of an unknown god.
  1257 | D:2      | Reached skill level 3 in Maces & Flails
  1533 | D:2      | Reached XP level 4. HP: 30/30 MP: 4/4
  1624 | D:2      | You fall into a shaft and drop 2 floors!
  1978 | D:4      | Noticed Eustachio
  2406 | D:2      | Reached XP level 5. HP: 32/34 MP: 5/5
  2943 | D:3      | Reached skill level 5 in Fighting
  3269 | D:3      | Reached skill level 4 in Maces & Flails
  3421 | D:4      | Found Cerphanep's Antique Weapon Emporium.
  3598 | D:4      | Reached XP level 6. HP: 40/40 MP: 6/6
  3624 | D:4      | Killed Eustachio
  3625 | D:4      | Reached skill level 5 in Maces & Flails
  3878 | D:4      | Noticed Menkaure
  4105 | D:5      | Entered Level 5 of the Dungeon
  4144 | D:5      | Reached XP level 7. HP: 35/47 MP: 7/7
  4923 | D:4      | Reached skill level 6 in Maces & Flails
  4991 | D:5      | Reached XP level 8. HP: 45/53 MP: 8/8
  5001 | D:5      | Reached skill level 7 in Maces & Flails
  5245 | D:4      | Killed Menkaure
  5246 | D:4      | Reached skill level 8 in Maces & Flails
  5989 | D:6      | Reached skill level 9 in Maces & Flails
  6289 | D:6      | Reached XP level 9. HP: 57/57 MP: 9/9
  6403 | D:6      | Reached skill level 10 in Maces & Flails
  6744 | D:7      | Noticed Maggie
  6759 | D:7      | Killed Maggie
  6760 | D:7      | Reached skill level 11 in Maces & Flails
  6832 | D:7      | Slain by a wyvern

Illustrated notes

Levels and vault maps discovered:
D:1:      erik_arrival_triangle_small, layout_basic, serial_shops,
          nicolae_shop_behind_doors
D:2:      layout_basic, shapermc_ecumenical_altar_mp_ritualfount
D:3:      layout_basic
D:4:      layout_rooms, serial_shops, nicolae_shop_overgrown_old_shop,
          uniq_menkaure, uniq_eustachio
D:5:      layout_rooms
D:6:      layout_basic
D:7:      nicolae_cairo_tiling, layout_loops_ring,
          minmay_temple_entry_antechambers, enter_ossuary_4, nrook_uturn,
          uniq_joseph, uniq_maggie

Skill      XL: |  1  2  3  4  5  6  7  8  9 |
---------------+----------------------------+-----
Fighting       | 4 5 6 7 |  7.0
Maces & Flails | 3 4 5 6 9 11 | 11.2
Armour         | |  3.2
Shields        | |  3.2

Action                   |  1- 3 |  4- 6 |  7- 9 || total
-------------------------+-------+-------+-------++-------
Melee: Flail             |    87 |   176 |   176 ||   439
       Morningstar       |       |       |    68 ||    68
  Use: Scroll            |       |     3 |     1 ||     4
       Potion            |       |     1 |     1 ||     2
Armor: Scale mail        |    58 |    26 |       ||    84
       Chain mail        |       |   104 |   112 ||   216
Dodge: Dodged            |    37 |    73 |    75 ||   185
Block: Buckler           |    28 |    34 |    55 ||   117
